 Dungeon Crawl Stone Soup version 0.22.1-1-ga44c0e56f4 (webtiles) character file.

1726 Revguard the Chopper (level 8, -2/62 HPs)
             Began as a Demonspawn Berserker on Oct 25, 2018.
             Was an Elder of Trog.
             Slain by Pikel
             ... wielding a +2 whip of electrocution
              (8 damage)
             ... while paralysed by Pikel
             ... on level 4 of the Dungeon.
             The game lasted 00:23:16 (5086 turns).

Revguard the Chopper (Demonspawn Berserker)         Turns: 5086, Time: 00:23:16

Health: -2/62      AC:  6    Str: 19    XL:     8   Next: 75%
Magic:  0/8        EV:  2    Int: 10    God:    Trog [****..]
Gold:   282        SH:  0    Dex: 14    Spells: 7/7 levels left

rFire    + . .     SeeInvis .   q - +0 war axe
rCold    x . .     Gourm    .   (no shield)
rNeg     . . .     Faith    .   s - +0 ring mail
rPois    .         Spirit   +   (helmet restricted)
rElec    .         Reflect  .   (no cloak)
rCorr    .         Harm     .   (no gloves)
MR       .....                  (no boots)
Stlth    +.........             (no amulet)
HPRegen  0.60/turn              l - ring of fire
MPRegen  0.11/turn              (no ring)

@: paralysed
A: horns 2, clever 1, sense surroundings 1, regeneration 1, magic shield,
MP-powered wands, sturdy frame 1
a: Berserk, Trog's Hand, Brothers in Arms, Renounce Religion


You were on level 4 of the Dungeon.
You worshipped Trog.
Trog was greatly pleased with you.
You were not hungry.

You visited 1 branch of the dungeon, and saw 4 of its levels.

You collected 282 gold pieces.

Inventory:

Hand Weapons
 a - a +1 hand axe
 q - a +0 war axe (weapon)
Armour
 b - a +1 animal skin
 n - a +2 shield
 s - a +0 ring mail (worn)
Jewellery
 j - an uncursed amulet of regeneration {unknown}
 l - a ring of fire (left hand)
Wands
 g - a wand of disintegration (11)
 k - a wand of random effects (28)
 r - a wand of flame (23)
Scrolls
 f - 2 scrolls of identify
 i - a scroll of noise
 o - 4 scrolls of remove curse
 p - 2 scrolls of teleportation
Potions
 d - 2 potions of brilliance
 e - a potion of heal wounds
 h - a potion of cancellation
 m - a potion of flight {unknown}
Comestibles
 c - 10 rations


   Skills:
 + Level 5.2 Fighting
 + Level 6.8 Axes
 * Level 5.7 Armour
 + Level 4.6 Dodging
 + Level 1.1 Evocations


You had 7 spell levels left.
You didn't know any spells.
Your spell library was empty.

Dungeon Overview and Level Annotations

Branches:
Dungeon (4/15)
 Temple: D:4-7

Altars:
Hepliaklqana
Yredelemnul

Annotations:
D:4 Pikel


Innate Abilities, Weirdness & Mutations

You have a pair of horns on your head.
When hurt, damage is shared between your health and your magic reserves.
Your movements are slightly less encumbered by armour. (ER -2)
Your mind is acute. (Int +2)
You passively map a small area around you.
Your natural rate of healing is unusually fast.
You expend magic power (3 MP) to strengthen your wands.


Message History

You closely miss the slave. Your headbutt misses the slave.
The slave is heavily wounded.
You hit the slave.
The slave hits you but does no damage. x2
You closely miss Pikel. You headbutt Pikel.
Pikel is lightly wounded.
You barely miss the slave. The slave hits you!
Pikel hits you but does no damage.
You are electrocuted!
The slave closely misses you.
You hit Pikel but do no damage.
Pikel is lightly wounded.
You hit the slave but do no damage.
Pikel zaps a wand.
You suddenly lose the ability to move!
It is a wand of paralysis (11).
The slave hits you. Pikel hits you but does no damage.
You are electrocuted!
The slave hits you.
Pikel hits you with a whip of electrocution.
You are electrocuted!
* * * LOW HITPOINT WARNING * * *
The slave hits you but does no damage. Pikel hits you but does no damage.
You are electrocuted!
You die...

#.......# #.......#
#.......# #.......#
###* * #.......#
#.. #.......#
#.##### , #..))...#
#.#... *
###†#######.#.### *
*
####..........pK@#,
,
....(#######.#.#p#
.....######....pp#,
................>#
*
......###.#..#.....
......#
#.#..#....$#
(.###.#
#.#..#..#### ..#
#.###.#..#..# ..#
#..##.#..#


You could see Pikel and 4 slaves.

Vanquished Creatures
  Grinder (D:4)
  The ghost of spacerossing the Shield-Bearer, an amateur BaFi of Okawaru (D:4)
  A human (D:4)
  Duvessa (D:4)
  An ogre (D:4)
  Dowan (D:4)
  2 orc priests (D:4)
  A hound (D:4)
  4 gnoll shamans (D:4)
  2 iguanas (D:4)
  Jessica (D:2)
  Ijyb (D:3)
  An orc wizard (D:4)
  42 gnolls (D:4)
  6 adders
  3 oozes
  3 worms
  A dart slug (D:2)
  2 leopard geckos
  3 orcs
  7 bats
  3 giant cockroaches
  18 goblins
  7 hobgoblins
  20 jackals
  5 quokkas
  5 frilled lizards
  A goblin skeleton (D:4)
  A jackal skeleton (D:4)
  A jackal zombie (D:4)
  7 kobolds
  9 rats
  A plant (D:4)
163 creatures vanquished.

Notes
Turn   | Place    | Note
-------+----------+-------------------------------------------
     0 | D:1      | Revguard the Demonspawn Berserker began the quest for the
                  | Orb.
     0 | D:1      | Reached XP level 1. HP: 18/18 MP: 1/1
    33 | D:1      | Gained mutation: Your movements are slightly less
                  | encumbered by armour. (ER -2) [demonic ancestry]
    33 | D:1      | Reached XP level 2. HP: 21/24 MP: 2/2
    73 | D:1      | Reached skill level 3 in Axes
   667 | D:1      | Reached XP level 3. HP: 15/29 MP: 3/3
  1140 | D:2      | Reached ** piety under Trog
  1143 | D:2      | Noticed Jessica
  1154 | D:2      | Killed Jessica
  1180 | D:2      | Gained mutation: When hurt, damage is shared between your
                  | health and your magic reserves. [demonic ancestry]
  1180 | D:2      | Reached XP level 4. HP: 26/35 MP: 4/4
  1253 | D:2      | Found a hazy altar of Hepliaklqana.
  1933 | D:3      | Reached skill level 4 in Axes
  2489 | D:2      | Reached XP level 5. HP: 23/42 MP: 3/5
  2892 | D:3      | Noticed Ijyb
  2915 | D:3      | Killed Ijyb
  3120 | D:4      | Reached *** piety under Trog
  3171 | D:4      | HP: 1/42 [iguana (12)]
  3472 | D:4      | Gained mutation: You have a pair of small horns on your
                  | head. [demonic ancestry]
  3472 | D:4      | Reached XP level 6. HP: 18/48 MP: 2/6
  3738 | D:4      | Gained mutation: You expend magic power (3 MP) to
                  | strengthen your wands. [potion of mutation]
  3738 | D:4      | Gained mutation: You are clumsy. (Dex -2) [potion of
                  | mutation]
  3738 | D:4      | Gained mutation: You have sharp toenails. [potion of
                  | mutation]
  3748 | D:4      | Reached skill level 5 in Axes
  3752 | D:4      | Gained mutation: You have a pair of horns on your head.
                  | [demonic ancestry]
  3752 | D:4      | Reached XP level 7. HP: 51/54 MP: 2/7
  4012 | D:4      | Lost mutation: You have sharp toenails. [potion of
                  | mutation]
  4012 | D:4      | Lost mutation: You are clumsy. (Dex -2) [potion of
                  | mutation]
  4012 | D:4      | Gained mutation: You passively map a small area around you.
                  | [potion of mutation]
  4012 | D:4      | Gained mutation: Your natural rate of healing is unusually
                  | fast. [potion of mutation]
  4012 | D:4      | Gained mutation: Your mind is acute. (Int +2) [potion of
                  | mutation]
  4311 | D:4      | Found a runed door.
  4311 | D:4      | Noticed a human
  4325 | D:4      | Found a basalt altar of Yredelemnul.
  4339 | D:4      | Noticed Dowan
  4351 | D:4      | Killed Dowan
  4352 | D:4      | Noticed Duvessa
  4370 | D:4      | Killed Duvessa
  4406 | D:4      | Killed a human
  4406 | D:4      | Reached skill level 6 in Axes
  4406 | D:4      | Reached XP level 8. HP: 32/61 MP: 3/8
  4455 | D:4      | Reached skill level 1 in Evocations
  4490 | D:4      | Noticed Grinder
  4510 | D:4      | Killed Grinder
  4510 | D:4      | Reached skill level 5 in Armour
  4560 | D:4      | Found a runed door.
  4561 | D:4      | Noticed spacerossing's ghost (amateur BaFi)
  4596 | D:4      | Killed spacerossing's ghost
  4596 | D:4      | Reached skill level 5 in Fighting
  4740 | D:4      | Reached **** piety under Trog
  5073 | D:4      | Noticed Pikel
  5083 | D:4      | Paralysed by Pikel for 7 turns
  5086 | D:4      | Slain by Pikel

Skill      XL: |  1  2  3  4  5  6  7  8 |
---------------+-------------------------+-----
Axes           | 3 4 5 6 |  6.8
Armour         | 2 3 4 5 |  5.7
Dodging        | 2 3 4 |  4.6
Fighting       | 4 5 |  5.2
Evocations     | 1 |  1.1

Action                   |  1- 3 |  4- 6 |  7- 9 || total
-------------------------+-------+-------+-------++-------
Melee: Hand axe          |    78 |   298 |   239 ||   615
       Headbutt          |       |     8 |    63 ||    71
       Kick              |       |     2 |     7 ||     9
       War axe           |       |       |     6 ||     6
Invok: Trog's Hand       |     1 |     5 |     3 ||     9
       Berserk           |     1 |     3 |     2 ||     6
Evoke: Wand              |       |       |     3 ||     3
  Use: Scroll            |       |     3 |     3 ||     6
       Potion            |       |     9 |     1 ||    10
  Eat: Chunk             |     2 |    10 |     1 ||    13
       Ration            |       |     1 |     2 ||     3
Armor: Animal skin       |    26 |    37 |       ||    63
       Ring mail         |       |    34 |    56 ||    90
       Skin              |       |    21 |       ||    21
Dodge: Dodged            |    79 |   236 |   159 ||   474
Block: Shield            |       |     4 |       ||     4
